 Dungeon Crawl Stone Soup version 0.31-a0-986-g5e6e4ef867 (webtiles) character file.

Game seed: 2487296089288404986

2806 lessens the Nimble (level 9, -6/71 HPs)
             Began as a Gnoll Gladiator on Oct 31, 2023.
             Was a Priest of Okawaru.
             Killed by the air
             ... invoked by Gastronok
              (12 damage)
             ... on level 8 of the Dungeon on Nov 3, 2023.
             The game lasted 00:14:51 (9468 turns).

lessens the Nimble (Gnoll Gladiator)                Turns: 9468, Time: 00:14:52

Health: -6/71      AC:  8    Str: 18    XL:     9   Next: 72%
Magic:  15/15      EV: 14    Int:  8    God:    Okawaru [***...]
Gold:   522        SH:  0    Dex: 13    Spells: 15/17 levels left

rFire   . . .        b - +1 dagger (venom)
rCold   . . .        (no shield)
rNeg    . . .        r - +0 ring mail
rPois   .            c - +0 helmet
rElec   .            h - scarf {harm}
rCorr   .            l - +0 pair of gloves
SInv    .            (no boots)
Will    .....        (no amulet)
Stlth   ++           k - ring of wizardry
HPRegen 0.31/turn    (no ring)
MPRegen 0.14/turn

%: harm (+30% outgoing, +20% incoming), wizardry (x1)
@: no status effects
A: fangs 1, strong nose, distributed training
a: Renounce Religion, Heroism


You were on level 8 of the Dungeon.
You worshipped Okawaru.
Okawaru was most pleased with you.
You visited 1 branch of the dungeon, and saw 8 of its levels.

You collected 522 gold pieces.

Inventory:

Hand Weapons
 a - a +0 war axe
 b - a +1 dagger of venom (weapon)
Missiles
 d - 6 throwing nets
 f - 97 stones
 w - a javelin
 y - 12 poisoned darts (quivered)
Armour
 c - a +0 helmet (worn)
 h - a scarf of harm (worn)
 l - a +0 pair of gloves (worn)
 r - a +0 ring mail (worn)
 u - a +0 leather armour
 B - a +0 chain mail
 E - the +1 pair of boots "Xaileipa" {Rampage rElec Int-2 Slay+4}
   (You found it on level 7 of the Dungeon)

   Int-2:     It affects your intelligence (-2).
   Slay+4:    It affects your accuracy & damage with ranged weapons and melee
   (+4).
   rElec:     It insulates you from electricity.
   Rampage:   It bestows one free step when moving towards enemies.
Jewellery
 k - a ring of wizardry (left hand)
 o - a ring of fire
Scrolls
 i - 4 scrolls of teleportation
 m - 2 scrolls of fog {unknown}
 n - 5 scrolls of revelation {unknown}
 p - 3 scrolls of identify {unknown}
 q - 3 scrolls of blinking {unknown}
 t - 3 scrolls of poison {unknown}
 v - a scroll of immolation {unknown}
 x - a scroll of brand weapon {unknown}
 z - a scroll of torment {unknown}
 C - a scroll of amnesia {unknown}
Potions
 e - a potion of attraction {unknown}
 g - 2 potions of heal wounds
 j - 3 potions of enlightenment {unknown}
 s - 3 potions of haste {unknown}
 A - 2 potions of might {unknown}
 D - a potion of brilliance {unknown}


   Skills:
 + Level 6.5 Fighting
 + Level 4.6 Short Blades
 + Level 4.6 Long Blades
 + Level 8.1 Axes
 + Level 4.6 Maces & Flails
 + Level 4.6 Polearms
 + Level 4.6 Staves
 + Level 4.6 Ranged Weapons
 + Level 6.5 Throwing
 + Level 4.6 Armour
 + Level 8.1 Dodging
 + Level 4.6 Stealth
 + Level 4.6 Shields
 + Level 4.6 Unarmed Combat
 + Level 4.6 Spellcasting
 + Level 3.8 Conjurations
 + Level 3.8 Hexes
 + Level 3.8 Summonings
 + Level 3.8 Necromancy
 + Level 3.8 Translocations
 + Level 3.8 Transmutations
 + Level 3.8 Fire Magic
 + Level 3.8 Ice Magic
 + Level 3.8 Air Magic
 + Level 3.8 Earth Magic
 + Level 3.8 Poison Magic
 + Level 5.0 Invocations
 + Level 4.6 Evocations
 + Level 4.2 Shapeshifting


You had 15 spell levels left.
You knew the following spells:

 Your Spells              Type           Power      Damage    Failure   Level
a - Jinxbite              Hex            14%        N/A       6%          2

Your spell library contained the following spells:

 Spells                   Type           Power      Damage    Failure   Level
 Ensorcelled Hibernation  Hex/Ice        14%        N/A       6%          2
 Anguish                  Hex/Necr       3%         N/A       34%         4


Dungeon Overview and Level Annotations

Branches:
Dungeon (8/15) Zot: 26647  Temple (0/1) D:5
   Lair: D:8-11

Altars:
Cheibriados
Dithmenos
Nemelex Xobeh
Okawaru
Vehumet
The Shining One

Annotations:
D:8 Gastronok


Innate Abilities, Weirdness & Mutations

You have very sharp teeth.
Your uncanny sense of smell can sniff out nearby items.
Your experience applies equally to all skills.


Message History

The white imp hits you. The white imp freezes you.
You are too injured to fight recklessly!
Your +1 dagger of venom stops dripping with poison.
a - a +0 war axe (weapon)
The white imp gestures at you. The puff of frost misses you.
You slash the white imp!
You kill the white imp!
Okawaru accepts your kill.
Things that are here:
a +3 dagger of distortion; a +1 robe of fire resistance
There is an open door here.
There is a stone staircase leading up here.
HP restored.
There is an open door here.
Things that are here:
a +3 dagger of distortion; a +1 robe of fire resistance
Found a stone staircase leading up.
There is a stone staircase leading up here.
f - 93 stones (gained 4)
Found a snail-covered altar of Cheibriados.
Found an escape hatch in the ceiling.
f - 97 stones (gained 4) Gastronok the Ponderous comes into view.
Your +1 dagger of venom begins to drip with poison!
b - a +1 dagger of venom (weapon)
You hit Gastronok. You bite Gastronok, but do no damage.
Gastronok is lightly wounded.
Gastronok waves his eye-stalks in wide circles.
The air twists around and strikes you!!
Ouch! That really hurt!
You hit Gastronok.
Gastronok is poisoned.
You punch Gastronok.
Gastronok is lightly wounded.
Gastronok makes a strange noise.
Gastronok attacks as he pursues you! Gastronok bites you!!
* * * LOW HITPOINT WARNING * * *
Gastronok waves his eye-stalks in wide circles.
The air twists around and strikes you!
You die...
Gastronok gurgles, "Time to dig in!"

.........####...##
.........+.......#
........<####....#
#.......## ##.#.#
#......## ###.#
..#...## #.#
####+## ####.#
..#.# #.#@#
####.#.# #......#
#.##.### #.##.##w#
#.......#
####.#### .. ##


You could see Gastronok (very poisoned).

Vanquished Creatures
  Psyche (D:8)
  A steam dragon (D:6)
  Menkaure (D:4)
  2 ice beasts
  A sky beast (D:6)
  An orc warrior (D:6)
  2 black bears
  An ogre (D:6)
  A centaur (D:7)
  2 phantoms (D:4)
  2 gnoll sergeants (D:7)
  A bullfrog (D:7)
  3 scorpions
  A howler monkey (D:7)
  A jelly (D:5)
  4 orc priests
  3 hounds
  4 sleepcaps
  3 iguanas
  7 orc wizards
  17 gnolls
  10 adders
  A white imp (D:8)
  3 ufetubi (D:6)
  3 worms
  2 dart slugs
  20 orcs
  9 endoplasms
  4 giant cockroaches
  8 goblins
  11 hobgoblins
  11 jackals (D:2)
  3 quokkas
  7 ball pythons
  10 bats
  6 frilled lizards
  9 kobolds
  7 rats
183 creatures vanquished.

Vanquished Creatures (others)
  An orc wizard (D:5)
1 creature vanquished.

Grand Total: 184 creatures vanquished

Notes
Turn   | Place    | Note
-------+----------+-------------------------------------------
     0 | D:1      | lessens the Gnoll Gladiator began the quest for the Orb.
     0 | D:1      | Reached XP level 1. HP: 20/20 MP: 1/1
   104 | D:1      | Reached XP level 2. HP: 25/26 MP: 2/2
   561 | D:1      | Reached XP level 3. HP: 31/31 MP: 3/3
  1026 | D:2      | Reached skill level 1 in Invocations
  1041 | D:2      | Learned a level 2 spell: Jinxbite
  1186 | D:2      | Reached skill level 1 in Short Blades
  1186 | D:2      | Reached skill level 1 in Long Blades
  1186 | D:2      | Reached skill level 1 in Maces & Flails
  1186 | D:2      | Reached skill level 1 in Polearms
  1186 | D:2      | Reached skill level 1 in Staves
  1186 | D:2      | Reached skill level 1 in Ranged Weapons
  1186 | D:2      | Reached skill level 1 in Armour
  1186 | D:2      | Reached skill level 1 in Stealth
  1186 | D:2      | Reached skill level 1 in Shields
  1186 | D:2      | Reached skill level 1 in Unarmed Combat
  1186 | D:2      | Reached skill level 1 in Spellcasting
  1186 | D:2      | Reached skill level 1 in Evocations
  1211 | D:2      | Reached XP level 4. HP: 38/38 MP: 5/5
  1266 | D:2      | Reached skill level 1 in Shapeshifting
  1644 | D:2      | Reached skill level 1 in Conjurations
  1644 | D:2      | Reached skill level 1 in Hexes
  1644 | D:2      | Reached skill level 1 in Summonings
  1644 | D:2      | Reached skill level 1 in Necromancy
  1644 | D:2      | Reached skill level 1 in Translocations
  1644 | D:2      | Reached skill level 1 in Transmutations
  1644 | D:2      | Reached skill level 1 in Fire Magic
  1644 | D:2      | Reached skill level 1 in Ice Magic
  1644 | D:2      | Reached skill level 1 in Air Magic
  1644 | D:2      | Reached skill level 1 in Earth Magic
  1644 | D:2      | Reached skill level 1 in Poison Magic
  2023 | D:2      | Reached XP level 5. HP: 43/43 MP: 5/7
  2343 | D:3      | Found an iron altar of Okawaru.
  2351 | D:3      | Became a worshipper of Warmaster Okawaru
  3223 | D:4      | Reached XP level 6. HP: 41/50 MP: 8/8
  3319 | D:4      | Reached skill level 5 in Fighting
  3319 | D:4      | Reached skill level 5 in Throwing
  3358 | D:4      | Reached * piety under Okawaru
  3495 | D:4      | Noticed Menkaure
  3505 | D:4      | Killed Menkaure
  3506 | D:4      | Reached XP level 7. HP: 16/56 MP: 8/10
  4065 | D:5      | Entered Level 5 of the Dungeon
  4086 | D:5      | Found a staircase to the Ecumenical Temple.
  4195 | D:5      | Found a glowing golden altar of the Shining One.
  4290 | D:5      | Reached ** piety under Okawaru
  4929 | D:5      | Reached XP level 8. HP: 63/63 MP: 12/12
  5101 | D:5      | HP: 3/63 [something/magic dart (4)]
  5801 | D:6      | Found a shadowy altar of Dithmenos.
  6316 | D:6      | Found a sparkling altar of Nemelex Xobeh.
  6455 | D:6      | Found a radiant altar of Vehumet.
  6764 | D:6      | Reached *** piety under Okawaru
  6765 | D:6      | Reached XP level 9. HP: 43/69 MP: 14/14
  7703 | D:7      | Upgraded the game from 0.31-a0-981-geadf994542 to
                  | 0.31-a0-986-g5e6e4ef867
  8911 | D:7      | Identified the +1 pair of boots "Xaileipa" {Rampage rElec
                  | Int-2 Slay+4}
  9150 | D:8      | Noticed Psyche
  9164 | D:8      | Killed Psyche
  9165 | D:8      | Reached skill level 5 in Invocations
  9395 | D:8      | Found a snail-covered altar of Cheibriados.
  9459 | D:8      | Noticed Gastronok
  9468 | D:8      | Killed from afar by Gastronok

Illustrated notes

Levels and vault maps discovered:
D:1:      minmay_arrival_three_doors, layout_basic, roderic_serpentine_path,
          kennysheep_flooded_box, hangedman_glass_teeth
D:2:      minmay_recursive_quarters, layout_basic
D:3:      layout_loops_ring, kennysheep_okawaru_gauntlet
D:4:      layout_rooms, uniq_menkaure
D:5:      cheibrodos_quashed, layout_loops_cross, lemuel_coloured_pillars_altar,
          temple_pool_b, minmay_misc_feat_secret_circle
D:6:      minmay_skewed_foursquare, layout_cave_pods, vehumet_crystals,
          general_overflow_altar, mainiacjoe_overflow_surrounded_room,
          minivault_22
D:7:      layout_cave_pools, skrybe_limestone_x
D:8:      layout_loops_corners, chei_slow_surprise, nicolae_uskayaw_en_pointe,
          serial_shops, shop, uniq_joseph, uniq_grum, uniq_psyche,
          uniq_gastronok

Skill      XL: |  1  2  3  4  5  6  7  8  9 |
---------------+----------------------------+-----
Invocations    | 1 2 3 4 5 |  5.0
Short Blades   | 1 2 3 4 |  4.6
Long Blades    | 1 2 3 4 |  4.6
Maces & Flails | 1 2 3 4 |  4.6
Polearms       | 1 2 3 4 |  4.6
Staves         | 1 2 3 4 |  4.6
Ranged Weapons | 1 2 3 4 |  4.6
Armour         | 1 2 3 4 |  4.6
Stealth        | 1 2 3 4 |  4.6
Shields        | 1 2 3 4 |  4.6
Unarmed Combat | 1 2 3 4 |  4.6
Spellcasting   | 1 2 3 4 |  4.6
Evocations     | 1 2 3 4 |  4.6
Shapeshifting  | 1 2 3 4 |  4.2
Conjurations   | 1 2 3 |  3.8
Hexes          | 1 2 3 |  3.8
Summonings     | 1 2 3 |  3.8
Necromancy     | 1 2 3 |  3.8
Translocations | 1 2 3 |  3.8
Transmutations | 1 2 3 |  3.8
Fire Magic     | 1 2 3 |  3.8
Ice Magic      | 1 2 3 |  3.8
Air Magic      | 1 2 3 |  3.8
Earth Magic    | 1 2 3 |  3.8
Poison Magic   | 1 2 3 |  3.8
Fighting       | 5 6 |  6.5
Throwing       | 5 6 |  6.5
Axes           | 7 8 |  8.1
Dodging        | 7 8 |  8.1

Action                     |  1- 3 |  4- 6 |  7- 9 || total
---------------------------+-------+-------+-------++-------
  Melee: War axe           |    75 |   175 |   113 ||   363
         Bite              |     8 |    14 |    70 ||    92
         Punch             |       |     5 |    16 ||    21
         Dagger            |       |       |   317 ||   317
  Throw: Stone             |       |     7 |       ||     7
         Dart              |       |     4 |    32 ||    36
         Javelin           |       |     1 |       ||     1
         Throwing net      |       |     1 |       ||     1
   Cast: Jinxbite          |       |     1 |       ||     1
 Invoke: Heroism           |       |     1 |       ||     1
    Use: Potion            |       |       |     6 ||     6
         Scroll            |       |       |     1 ||     1
   Stab: Sleeping          |     3 |     1 |     1 ||     5
 Armour: Leather armour    |    29 |    31 |       ||    60
         Ring mail         |       |    83 |   282 ||   365
  Dodge: Dodged            |    46 |   147 |   323 ||   516

Table legend: (Time is in decaauts)
 A = Elapsed time spent in this place.
 B = Non-inter-level travel time spent in this place.
 C = Inter-level travel time spent in this place.
 D = Time resting spent in this place.
 E = Time spent auto-exploring this place.
 F = Levels seen in this place.
 G = Mean time per level.
                   A        B        C        D        E       F      G
               +--------+--------+--------+--------+--------+-----+--------+
         Total |   9453 |   9091 |    362 |    456 |   7042 |   8 | 1181.6 |
       Dungeon |   9453 |   9091 |    362 |    456 |   7042 |   8 | 1181.6 |
               +--------+--------+--------+--------+--------+-----+--------+

Top non-repeatable levels by time:
     D:6: 2496 daAuts
     D:2: 1342 daAuts
     D:4: 1256 daAuts
     D:5: 1122 daAuts
     D:3: 1037 daAuts
     D:7: 1015 daAuts
     D:1: 830 daAuts
     D:8: 352 daAuts

Levels and vault maps discovered:
D:1:      minmay_arrival_three_doors, layout_basic, roderic_serpentine_path,
          kennysheep_flooded_box, hangedman_glass_teeth
D:2:      minmay_recursive_quarters, layout_basic
D:3:      layout_loops_ring, kennysheep_okawaru_gauntlet
D:4:      layout_rooms, uniq_menkaure
D:5:      cheibrodos_quashed, layout_loops_cross, lemuel_coloured_pillars_altar,
          temple_pool_b, minmay_misc_feat_secret_circle
D:6:      minmay_skewed_foursquare, layout_cave_pods, vehumet_crystals,
          general_overflow_altar, mainiacjoe_overflow_surrounded_room,
          minivault_22
D:7:      layout_cave_pools, skrybe_limestone_x
D:8:      layout_loops_corners, chei_slow_surprise, nicolae_uskayaw_en_pointe,
          serial_shops, shop, uniq_joseph, uniq_grum, uniq_psyche,
          uniq_gastronok
